Zazza, neutral female human Wizard ---------- #################-..^..>..| # |........| ----------.-- ####-........| |...........-# |....I...| |...........|# -|-.------ |...........|# # # ##............|# ### --.------------ # |<..........|# # ..............| ### -------------# # |.$.........f.| # # # |:...{.......@:############ `################## # ---------------# # --.--.---- ### |........| # |........| ###|........| #-........| ---------- Zazza the Conjurer Experience level: 3 Strength: 11 Dexterity: 14 Constitution: 14 Intelligence: 18 Wisdom: 9 Charisma: 13 Health: 0(26) Energy: 8(17) Def: 1 Gold: 193 Moves: 1123 Dungeon seed: lWEjwiq20EqUTGZe Game ID: Zazza_1577137520 Your Inventory: Coins $ - 193 gold pieces Weapons a - a blessed +1 quarterstaff p - a cursed -1 orcish dagger r - 2 +0 orcish daggers (wielded) u - 6 +0 shuriken Armor e - an uncursed +0 cloak of magic resistance (being worn) q - an uncursed +0 orcish helm y - a cursed +0 orcish helm Comestibles s - 2 uncursed slime molds v - 2 uncursed food rations Scrolls i - an uncursed scroll of scare monster j - an uncursed scroll of enchant weapon k - an uncursed scroll of enchant armor o - an uncursed scroll of light t - an uncursed scroll of identify x - an uncursed scroll of light Spellbooks l - a blessed spellbook of force bolt m - an uncursed spellbook of wizard lock w - an uncursed spellbook of remove curse Potions f - an uncursed potion of extra healing g - an uncursed potion of fruit juice h - a potion of holy water Rings c - a blessed +2 ring of gain strength (on left hand) d - an uncursed ring of searching (on right hand) Wands b - a wand of light (0:12) Tools n - a magic marker (0:56) Spells and supernatural/magical abilities: Name Level Category Fail Memory a - force bolt 1 attack 0% 95% w - wizard lock 2 matter 53% 95% W - pray for help -- divine ? -- Your skills at the end: Fighting Skills Weapon Skills quarterstaff [Basic] Spellcasting Skills attack spells [Basic] enchantment spells [Basic] Final Attributes: You were fervently aligned. You were magic-protected. You had automatic searching. You are dead. Vanquished creatures: a red mold 6 jackals a kobold 5 goblins 2 sewer rats 2 lichens 5 newts 22 creatures vanquished. Voluntary challenges: You used a wielded weapon 19 times, starting on turn 61. You read items or engraved 1 time, starting on turn 630. You never genocided any monsters. You never polymorphed an object. You never changed form. You used no wishes. You never split a pudding. You never wrote Elbereth's name. You never violated your personal moral code. Dungeon overview: The Dungeons of Doom: levels 1 to 2 Level 1 a long staircase Level 2 <- You were here a fountain History has recorded: On T:1 you entered the Dungeons of Doom to retrieve the Amulet of Yendor! On T:377 you advanced to experience level 2. On T:538 you reached level 2 of The Dungeons of Doom. On T:1073 you advanced to experience level 3. Score breakdown: Gold: 193 ( 7782 points) Experience: 3 levels ( 7878 points) Exploration: 2 levels ( 4.08%) ( 4330 points) Discoveries: 0 items ( 0.00%) ( 0 points) Valuables value: (no points given unless you survive) Artifact value: 0 ( 0 points) Variety of kills: 7 monsters ( 1.84%) ( 4066 points) Turncount: 1123 turns ( 0 points) Survival: died (score multiplied by 80%) Total score: 19244 Latest messages: The newt bites! You miss the newt. (2x) The newt just misses! You miss the newt. You hit the newt. The newt bites! You hit the newt. You kill the newt! You hit the gecko. You miss the gecko. The gecko just misses! You miss the gecko. (2x) The gecko bites! You miss the gecko. You hit the gecko. The gecko bites! You miss the gecko. (2x) The gecko bites! You hit the gecko. You miss the gecko. The gecko bites! You hit the gecko. You miss the gecko. (2x) The gecko bites! You die... Final status: Goodbye Zazza the Wizard, killed by a gecko... You died in The Dungeons of Doom on dungeon level 2 with 19244 points, and 193 pieces of gold, after 1123 moves. You were level 3 with a maximum of 26 hit points when you died.